 Dungeon Crawl Stone Soup version 0.31.0-11-ge490571c62 (webtiles) character file.

Game seed: 2803052485731799360

333 qw the Skirmisher (level 6, -5/35 HPs)
             Began as a Deep Elf Hunter on Feb 4, 2024.
             Slain by an iguana (9 damage)
             ... on level 4 of the Dungeon.
             The game lasted 00:00:11 (2748 turns).

qw the Skirmisher (Deep Elf Hunter)                 Turns: 2748, Time: 00:00:12

Health: -5/35      AC:  5    Str: 10    XL:     6   Next: 27%
Magic:  8/8        EV: 11    Int: 14    God:
Gold:   148        SH:  0    Dex: 18    Spells: 5/5 levels left

rFire   . . .        d - +1 orcbow (flame)
rCold   . . .        (shield currently unavailable)
rNeg    . . .        e - +0 ring mail
rPois   .            (no helmet)
rElec   .            (no cloak)
rCorr   +            (no gloves)
SInv    .            (no boots)
Will    .....        i - amulet of faith
Stlth   +            l - ring of resist corrosion
HPRegen 0.25/turn    (no ring)
MPRegen 0.11/turn

%: faith
@: about to teleport
A: no striking features
a: no special abilities


You were on level 4 of the Dungeon.
You visited 1 branch of the dungeon, and saw 4 of its levels.

You collected 148 gold pieces.


   Skills:
 - Level 2.0 Fighting
 + Level 9.8 Ranged Weapons
 - Level 2.4 Dodging
 - Level 1.2 Stealth


You had 5 spell levels left.
You didn't know any spells.
Your spell library was empty.

Inventory:

Hand Weapons
 d - a +1 orcbow of flaming (weapon)
Armour
 e - a +0 ring mail (worn)
Jewellery
 i - an amulet of faith (around neck)
 l - a ring of resist corrosion (left hand)
Scrolls
 j - 3 scrolls of identify
Potions
 a - a potion of enlightenment {unknown}
 c - a potion of curing
 g - a potion of might
 h - a potion of cancellation

Dungeon Overview and Level Annotations

Branches:
Dungeon (4/15)
 Temple: D:4-7

Altars:
Cheibriados
Kikubaaqudgha
Zin

Shops:
D:3 :


Message History

Ijyb zaps a wand.
The bolt of dispelling energy misses you.
You shoot an arrow. The arrow hits Ijyb but does no damage.
Ijyb is heavily wounded.
Ijyb hits you with a +0 dagger.
You shoot an arrow. The arrow hits Ijyb but does no damage.
Ijyb is heavily wounded.
Ijyb hits you with a +0 dagger.
You shoot an arrow. The arrow closely misses Ijyb.
Ijyb barely misses you. Ijyb hits you but does no damage.
You shoot an arrow. The arrow hits Ijyb.
The arrow burns Ijyb.
Ijyb is severely wounded.
Ijyb closely misses you.
You shoot an arrow. The arrow barely misses Ijyb.
The iguana barely misses you. Ijyb barely misses you.
You shoot an arrow. The arrow hits Ijyb but does no damage.
Ijyb is severely wounded.
The iguana bites you. Ijyb hits you with a +0 dagger.
The iguana barely misses you.
You shoot an arrow. The arrow barely misses Ijyb.
Ijyb hits you but does no damage. The iguana barely misses you.
Ijyb hits you but does no damage.
You shoot an arrow. The arrow hits Ijyb.
The arrow burns Ijyb.
Ijyb is almost dead.
The iguana bites you! Ijyb hits you with a +0 dagger.
You shoot an arrow. The arrow hits Ijyb but does no damage.
Ijyb is almost dead.
The iguana bites you but does no damage.
Ijyb screams, "You nasty!
Big nasty!"
Ijyb hits you with a +0 dagger.
2746 ||| READING scroll of teleportation.
As you read the scroll of teleportation, it crumbles to dust.
You feel strangely unstable. The iguana barely misses you.
Ijyb hits you with a +0 dagger.
You shoot an arrow. The arrow completely misses Ijyb.
The iguana barely misses you. Ijyb hits you but does no damage.
You shoot an arrow. The arrow hits Ijyb!
The arrow burns Ijyb.
You kill Ijyb!
The iguana closely misses you. The iguana bites you!
You die...

##........ #....##..
#........# . .......#
##...##..## ..
......$####.....##... ..
.(...##.....#..##...
###.#..........###..#...
...........)##.###..(...
.............<..........
......l@))..............
.........#.#...#........
.......).##.............
.........#....##........
#.?...........##.#......
###............###......
......<...#...........
...#.......##)....)....
................


You could see an iguana.

Vanquished Creatures
  A water moccasin (D:4)
  A bombardier beetle (D:3)
  Terence (D:2)
  Ijyb (D:4)
  4 gnolls (D:2)
  5 adders
  2 ribbon worms (D:2)
  6 orcs
  9 endoplasms
  2 giant cockroaches
  4 goblins
  7 hobgoblins
  2 quokkas
  12 ball pythons
  8 bats
  4 frilled lizards
  6 kobolds
  6 rats
81 creatures vanquished.

Notes
Turn   | Place    | Note
-------+----------+-------------------------------------------
     0 | D:1      | qw the Deep Elf Hunter began the quest for the Orb.
     0 | D:1      | Reached XP level 1. HP: 12/12 MP: 3/3
     0 | D:1      | 0 ||| qw: Version: 0.3-a-160-g6735b56
     0 | D:1      | 0 ||| qw: Game counter: 5429
     0 | D:1      | 0 ||| qw: Melee chars always use a shield: true
     0 | D:1      | 0 ||| qw: God list: Okawaru
     0 | D:1      | 0 ||| qw: Allow faded altars: false
     0 | D:1      | 0 ||| qw: Do Orc after clearing Dungeon:15 true
     0 | D:1      | 0 ||| qw: Do second Lair branch before Depths: true
     0 | D:1      | 0 ||| qw: Lair rune preference: random
     0 | D:1      | 0 ||| qw: Goals: Normal
     0 | D:1      | 0 ||| PLANNING D:1-11
   308 | D:1      | Reached XP level 2. HP: 16/16 MP: 4/4
   465 | D:1      | Reached skill level 6 in Ranged Weapons
   856 | D:1      | 856 ||| UPGRADING to +0 ring mail.
   866 | D:1      | 866 ||| DROPPING +0 leather armour.
   867 | D:1      | 867 ||| UPGRADING to amulet of faith.
   872 | D:1      | 872 ||| DROPPING ring of flight.
   873 | D:1      | 873 ||| READING 4 scrolls labelled EMAPEESIPU.
   876 | D:1      | 876 ||| READING scroll labelled KAOFYO YSIP.
   877 | D:1      | 877 ||| DROPPING scroll of butterflies.
   974 | D:2      | Reached XP level 3. HP: 20/20 MP: 5/5
  1023 | D:2      | Noticed Terence
  1029 | D:2      | Killed Terence
  1030 | D:2      | Reached skill level 7 in Ranged Weapons
  1129 | D:2      | Reached XP level 4. HP: 25/25 MP: 6/6
  1171 | D:2      | 1171 ||| SWAPPING to +0 orcbow.
  1172 | D:2      | 1172 ||| DROPPING +0 shortbow.
  1533 | D:2      | Reached skill level 8 in Ranged Weapons
  1539 | D:2      | HP: 6/25 [poisoned by a gnoll]
  1540 | D:2      | 1540 ||| READING 3 scrolls of teleportation.
  1867 | D:2      | Found a faded altar of an unknown god.
  1870 | D:2      | 1870 ||| UPGRADING to ring of resist corrosion.
  1871 | D:2      | 1871 ||| READING 2 scrolls labelled UROQOQERRE.
  1871 | D:2      | 1871 ||| IDENTIFYING murky blue potion
  1872 | D:2      | 1872 ||| READING scroll of identify.
  1872 | D:2      | 1872 ||| IDENTIFYING brown potion
  1873 | D:2      | 1873 ||| READING scroll labelled JITUYXT HIRUYRANO.
  1873 | D:2      | 1873 ||| BRANDING +0 orcbow.
  1874 | D:2      | 1874 ||| READING scroll labelled SALAIT KODOW.
  1875 | D:2      | 1875 ||| READING scroll labelled QUTO OMUNETOEROCA.
  1875 | D:2      | 1875 ||| ENCHANTING +0 orcbow of flaming.
  1917 | D:3      | Reached XP level 5. HP: 29/29 MP: 7/7
  2121 | D:3      | Found Cofrumemargh's Book Shop.
  2254 | D:3      | Reached skill level 9 in Ranged Weapons
  2254 | D:3      | Found a snail-covered altar of Cheibriados.
  2486 | D:3      | Found a glowing silver altar of Zin.
  2486 | D:3      | Found an ancient bone altar of Kikubaaqudgha.
  2487 | D:3      | 2487 ||| READING scroll labelled XEAKOI TOTEVIY.
  2488 | D:3      | 2488 ||| DRINKING 2 sedimented grey potions.
  2489 | D:3      | 2489 ||| DRINKING 2 grey potions.
  2611 | D:4      | Noticed a water moccasin
  2619 | D:4      | Killed a water moccasin
  2620 | D:4      | Reached XP level 6. HP: 31/35 MP: 8/8
  2719 | D:4      | Noticed Ijyb
  2729 | D:4      | HP: 1/35 [Ijyb/bolt of dispelling energy (10)]
  2730 | D:4      | 2730 ||| READING 2 scrolls of teleportation.
  2731 | D:4      | 2731 ||| DRINKING potion of heal wounds.
  2745 | D:4      | HP: 6/35 [Ijyb/+0 dagger (4)]
  2746 | D:4      | 2746 ||| READING scroll of teleportation.
  2748 | D:4      | Killed Ijyb
  2748 | D:4      | Slain by an iguana

Levels and vault maps discovered:
D:1:      dpeg_arrival_central, layout_basic
D:2:      layout_basic, dilly_ecumenical_altar_fadedgnrine, serial_park_tiny_2,
          serial_bayou_lake_a, uniq_terence
D:3:      layout_basic, lemuel_coloured_pillars_altar,
          gammafunk_temple_overflow_wave, serial_shops, nicolae_shop_tiny_glass,
          minmay_tree_intersection, minmay_circle_x
D:4:      layout_cave_pools, uniq_ijyb

Skill      XL: |  1  2  3  4  5 |
---------------+----------------+-----
Ranged Weapons | 6 7 8 9 |  9.8
Fighting       | 2 |  2.0
Dodging        | |  2.4
Stealth        | |  1.2

Action                     |  1- 3 |  4- 6 || total
---------------------------+-------+-------++-------
   Fire: Shortbow          |    91 |       ||    91
         Orcbow            |       |   156 ||   156
    Use: Scroll            |     2 |     9 ||    11
         Potion            |       |     3 ||     3
 Armour: Leather armour    |     4 |       ||     4
         Ring mail         |    13 |    43 ||    56
  Dodge: Dodged            |     7 |    39 ||    46

Table legend:
 A = Non-vault XP
 B = Vault XP
 C = Vault XP percentage of total XP
 D = Non-vault monster count
 E = Vault monster count
 F = Vault count percentage of total count
                 A         B        C        D         E       F
            +---------+---------+-------+---------+---------+-------
      Total |     429 |      82 |  16.0 |      73 |       8 |   9.9
            +---------+---------+-------+---------+---------+-------
        D:1 |      30 |       0 |   0.0 |      19 |       0 |   0.0
        D:2 |     128 |      36 |  22.0 |      25 |       1 |   3.8
        D:3 |      71 |      11 |  13.4 |      17 |       6 |  26.1
        D:4 |     200 |      35 |  14.9 |      12 |       1 |   7.7
            +---------+---------+-------+---------+---------+-------
